 Dungeon Crawl Stone Soup version 0.30-b1-2-g02819fbbbe (webtiles) character file.

Game seed: 1477929378830525833

81 Metae the Trooper (level 4, -4/40 HPs)
             Began as a Minotaur Fighter on June 27, 2023.
             Slain by a gnoll
             ... wielding a +0 spear
              (5 damage)
             ... on level 2 of the Dungeon.
             The game lasted 00:02:07 (1431 turns).

Metae the Trooper (Minotaur Fighter)                Turns: 1431, Time: 00:02:07

Health: -4/40      AC:  9    Str: 22    XL:     4   Next: 20%
Magic:  3/3        EV:  8    Int:  5    God:
Gold:   105        SH:  4    Dex: 10    Spells: 3/3 levels left

rFire   . . .        a - +0 rapier
rCold   . . .        c - +0 buckler
rNeg    . . .        f - +0 chain mail
rPois   .            (helmet restricted)
rElec   .            (no cloak)
rCorr   .            (no gloves)
SInv    .            (no boots)
Will    .....        (no amulet) Stlth
                     (no ring)
HPRegen 0.26/turn    (no ring)
MPRegen 0.08/turn

%: no passive effects
@: no status effects
A: horns 2, retaliatory headbutt
a: no special abilities


You were on level 2 of the Dungeon.
You visited 1 branch of the dungeon, and saw 2 of its levels.

You collected 105 gold pieces.

Inventory:

Hand Weapons
 a - a +0 rapier (weapon)
Missiles
 j - 8 poisoned darts (quivered)
 l - 5 stones
Armour
 c - a +0 buckler (worn)
 f - a +0 chain mail (worn)
Jewellery
 b - an amulet of magic regeneration
Scrolls
 e - a scroll of enchant armour {unknown}
 g - a scroll of fog {unknown}
 h - a scroll of teleportation {unknown}
 i - a scroll of enchant weapon {unknown}
 k - a scroll of identify {unknown}
 n - a scroll of poison {unknown}
 o - a scroll of noise {unknown}
Potions
 d - a potion of might
 m - a potion of haste {unknown}
 p - a potion of curing {unknown}


   Skills:
 + Level 4.3 Fighting
 + Level 2.9 Short Blades
 + Level 4.2 Armour
 + Level 1.7 Dodging
 + Level 4.2 Shields


You had 3 spell levels left.
You didn't know any spells.
Your spell library was empty.

Dungeon Overview and Level Annotations

Branches:
Dungeon (2/15)

Altars:


Innate Abilities, Weirdness & Mutations

You have a pair of horns on your head.
You reflexively headbutt those who attack you in melee.


Message History

The gnoll hits you but does no damage. x2; The gnoll hits you with a +0 flail.
* * * LOW HITPOINT WARNING * * *
The gnoll attacks as you move away! The gnoll barely misses you.
The gnoll attacks as you move away! The gnoll completely misses you.
You furiously retaliate!
You headbutt the gnoll! The gnoll attacks as you move away!
You block the gnoll's attack. The gnoll closely misses you.
You see here a +0 robe.
The gnoll attacks as you move away! The gnoll hits you with a +0 whip.
* * * LOW HITPOINT WARNING * * *
The gnoll attacks as you move away! The gnoll barely misses you.
You furiously retaliate!
You headbutt the gnoll. You barely miss the gnoll.
The gnoll is moderately wounded.
The gnoll barely misses you.
You hit the gnoll. You headbutt the gnoll.
You kill the gnoll!
The gnoll hits you with a +0 spear.
* * * LOW HITPOINT WARNING * * *
Things that are here:
a +0 whip; a gnoll corpse You closely miss the gnoll.
The gnoll hits you but does no damage.
You hit the gnoll.
The gnoll is lightly wounded.
The gnoll hits you but does no damage.
You hit the gnoll. Your headbutt misses the gnoll.
The gnoll is heavily wounded.
The gnoll hits you with a +0 spear.
* * * LOW HITPOINT WARNING * * *
You barely miss the gnoll. Your headbutt misses the gnoll.
The gnoll is heavily wounded.
The gnoll hits you but does no damage.
You barely miss the gnoll.
The gnoll is heavily wounded.
The gnoll hits you with a +0 spear.
* * * LOW HITPOINT WARNING * * *
You closely miss the gnoll. Your headbutt misses the gnoll.
The gnoll is heavily wounded.
The gnoll hits you with a +0 spear.
You die...

#.......................
#.##########.......#####
#.# #.......## #.#
#........# #.#
#........# #.#######
#........#### #.......#
########...[. #######.#
##.... #@# ##... #g#
#... #g######## .#...
#.##.....# ..#...
#..[.....+ ...+...
####.....#....####
#..........#
#.........[#
#....)....##


You could see 2 gnolls.

Vanquished Creatures
  2 gnolls (D:2)
  2 adders (D:2)
  A worm (D:2)
  6 endoplasms
  2 giant cockroaches (D:1)
  4 goblins (D:1)
  3 hobgoblins
  2 jackals (D:2)
  6 ball pythons (D:1)
  2 bats
  5 frilled lizards
  3 kobolds (D:1)
  3 rats
41 creatures vanquished.

Notes
Turn   | Place    | Note
-------+----------+-------------------------------------------
     0 | D:1      | Metae the Minotaur Fighter began the quest for the Orb.
     0 | D:1      | Reached XP level 1. HP: 19/19 MP: 0/0
    36 | D:1      | Found a faded altar of an unknown god.
   211 | D:1      | Reached XP level 2. HP: 25/27 MP: 1/1
   704 | D:1      | Reached skill level 1 in Dodging
  1154 | D:2      | Reached XP level 3. HP: 33/33 MP: 2/2
  1412 | D:2      | Reached XP level 4. HP: 10/40 MP: 3/3
  1430 | D:2      | HP: 1/40 [gnoll/+0 spear (3)]
  1431 | D:2      | Slain by a gnoll

Illustrated notes

Levels and vault maps discovered:
D:1:      dpeg_arrival_yet_another_circle, layout_loops_corners,
          shapermc_ecumenical_altar_starsandcircs, columned_hall_lemuel
D:2:      minmay_inner_zag, layout_basic, hex_intersection, minmay_pentomino_z2

Skill      XL: |  1  2 |
---------------+-------+-----
Dodging        | 1 |  1.7
Fighting       | 4 |  4.3
Armour         | 4 |  4.2
Shields        | 4 |  4.2
Short Blades   | |  2.9

Action                     |  1- 3 |  4- 6 || total
---------------------------+-------+-------++-------
  Melee: Rapier            |    91 |     9 ||   100
         Headbutt          |    11 |     2 ||    13
 Armour: Scale mail        |     3 |       ||     3
         Chain mail        |    34 |     5 ||    39
  Dodge: Dodged            |    44 |     5 ||    49
  Block: Buckler           |    26 |     1 ||    27
